 Dungeon Crawl Stone Soup version 0.21.1-1-g345015f (webtiles) character file.

27281 Matilisk the Basher (level 13, -2/116 HPs)
             Began as a Minotaur Berserker on Mar 13, 2018.
             Was a High Priest of Trog.
             Slain by Rupert
             ... wielding a +0 great mace of draining
              (19 damage)
             ... on level 15 of the Dungeon.
             The game lasted 01:46:16 (12719 turns).

Matilisk the Basher (Minotaur Berserker)           Turns: 12719, Time: 01:46:21

Health: -2/116     AC: 19    Str: 27    XL:     13   Next: 3%
Magic:  14/14      EV:  8    Int:  4    God:    Trog [*****.]
Gold:   828        SH: 12    Dex: 10    Spells: 14/14 levels left

rFire    . . .     SeeInvis .   z - +2 flail
rCold    . . .     Gourm    .   Z - +0 shield
rNeg     . . .     Faith    .   i - +1 plate armour
rPois    .         Spirit   .   (helmet restricted)
rElec    .         Reflect  .   N - scarf {repulsion}
rCorr    .         Harm     .   s - +0 pair of gloves
MR       .....                  h - +0 pair of boots
Stlth    ..........             X - amulet of rage
HPRegen  0.29/turn              B - +3 ring of slaying
MPRegen  0.14/turn              C - ring of flight

@: lethally poisoned (-2 -> -8), berserk cooldown, slowed, drained, repel
missiles, very slow
A: retaliatory headbutt, horns 2
a: Berserk, Trog's Hand, Brothers in Arms, Burn Spellbooks, Renounce Religion,
Evoke Berserk Rage, Evoke Flight


You were on level 15 of the Dungeon.
You worshipped Trog.
Trog was extremely pleased with you.
You were very hungry.

You visited 2 branches of the dungeon, and saw 14 of its levels.

You collected 828 gold pieces.

Inventory:

Hand Weapons
 y - a +2 hand axe of flaming
 z - a +2 flail (weapon)
 A - a +0 falchion of holy wrath
 Q - a +0 shortbow of freezing
 U - a +4 dire flail of draining
 V - a cursed +2 short sword of speed
Missiles
 f - 495 stones
 J - 9 large rocks
 W - 2 poisoned tomahawks (quivered)
Armour
 h - a +0 pair of boots (worn)
 i - a +1 plate armour (worn)
 s - a +0 pair of gloves (worn)
 D - a +0 buckler of fire resistance
 E - a +0 robe of positive energy
 N - a scarf of repulsion (worn)
 P - a +1 helmet of see invisible
 Z - a +0 shield (worn)
Magical Staves
 l - an uncursed staff of power {unknown}
Jewellery
 b - an uncursed ring of ice
 x - a +4 ring of intelligence
 B - a +3 ring of slaying (left hand)
 C - a ring of flight (right hand)
 G - an uncursed ring of wizardry
 X - an amulet of rage (around neck)
Wands
 a - a wand of acid (10)
 e - a wand of enslavement (12)
 S - a wand of digging (42)
Scrolls
 g - a scroll of amnesia
 o - a scroll of fog
 p - 10 scrolls of teleportation
 r - 8 scrolls of remove curse
 H - a scroll of blinking {unknown}
 O - a scroll of immolation
Potions
 j - 3 potions of lignification
 m - 4 potions of curing
 u - a potion of cancellation
 v - 2 potions of brilliance
 F - 6 potions of heal wounds
 I - a potion of ambrosia
 K - 2 potions of haste
 L - 2 potions of degeneration
 R - 3 potions of agility
Comestibles
 c - 19 rations
 d - 4 chunks of flesh


   Skills:
 + Level 11.4(11.0) Fighting
 + Level 1.2(0.9) Short Blades
 + Level 14.5(14.1) Maces & Flails
   Level 4.5(4.2) Polearms
   Level 3.9(5.3) Slings
 + Level 5.7(5.9) Throwing
 + Level 11.6(11.2) Armour
 + Level 4.0(3.7) Dodging
 + Level 1.1(0.8) Stealth
 + Level 10.9(10.5) Shields
 * Level 1.3(1.0) Spellcasting


You had 14 spell levels left.
You didn't know any spells.

Dungeon Overview and Level Annotations

Branches:
Dungeon (15/15)            Temple (1/1) D:5            Lair (0/6) D:10
 Vaults (0/5) D:13         Depths (0/5) D:15
    Orc: D:9-12

Altars:
Ashenzari
Cheibriados
Dithmenos
Elyvilon
Fedhas
Gozag
Hepliaklqana
Kikubaaqudgha
Makhleb
Nemelex Xobeh
Okawaru
Qazlal
Ru
Sif Muna
Trog
Uskayaw
Vehumet
Wu Jian
Xom
Yredelemnul
Zin
The Shining One

Annotations:
D:15 Rupert


Innate Abilities, Weirdness & Mutations

You reflexively headbutt those who attack you in melee.
You have a pair of horns on your head.


Message History

Rupert is heavily wounded.
You feel sick. You block Rupert's attack.
You closely miss Rupert.
Rupert is heavily wounded.
You feel sick.
You bludgeon Rupert!! You headbutt Rupert!
Rupert is severely wounded.
You block Rupert's attack.
You bludgeon Rupert!!
Rupert is almost dead.
You are no longer corroded.
You feel sick.
The purple ugly thing basks in the mutagenic energy from its kin and changes!
You sock Rupert!
Rupert is almost dead.
You are no longer berserk.
You are exhausted.
You feel yourself slow down.
Rupert hits you with a great mace of draining!!
You die...

#...#####
##########........
#####.................
#......####.........#
#.###...............#
###.#
#.#####.........#
.##.###.# ####...##.#
........# #().#
.##.####### #@†.#
..........# ##@##
###.#####.# #u4.H....
###........ .........
........... .#####....
###..####.# .# ..#
#..# .. .# # #..# ## #
. ...#


You could see Rupert (berserk), a brown ugly thing and a chaos spawn.

Vanquished Creatures
  A yaktaur captain (D:15)
  Erolcha (D:13)
  2 hydras
  A vault guard (D:13)
  3 centaur warriors
  A two-headed ogre (D:13)
  Nergalle (D:10)
  A wizard (D:14)
  A manticore (D:15)
  3 deep elf magi
  8 ugly things
  4 cyclopes
  2 centaur zombies
  A gargoyle (D:14)
  A komodo dragon (D:14)
  2 kobold demonologists (D:13)
  A yaktaur (D:15)
  A troll (shapeshifter) (D:13)
  4 trolls
  A hornet (D:15)
  2 hippogriffs
  A hippogriff (shapeshifter) (D:13)
  2 dream sheep (D:9)
  A meliai zombie (D:15)
  2 wraiths (D:13)
  A vampire (D:10)
  2 yaks (D:9)
  Grum (D:10)
  3 wyverns
  A human (shapeshifter) (D:14)
  2 hungry ghosts (D:7)
  8 vampire mosquitoes (D:14)
  Menkaure (D:4)
  2 acid dragons (D:15)
  A water moccasin (D:8)
  2 hell hounds (D:10)
  2 orc warriors
  7 sky beasts
  The ghost of VDSlugg the Cudgeler, an amateur MiBe of Trog (D:3)
  2 phantoms
  The ghost of Epsil the Skirmisher, an amateur DrAK of Lugonu (D:4)
  2 black bears (D:8)
  3 wolves (D:10)
  6 ogres
  10 centaurs
  3 big kobolds (D:9)
  A gnoll sergeant (D:13)
  A wyvern zombie (D:14)
  4 bullfrogs
  A wyvern skeleton (D:13)
  4 wights (D:8)
  8 killer bees
  3 howler monkeys
  5 crimson imps
  A bullfrog zombie (D:9)
  A quasit (D:10)
  3 hounds
  4 jellies
  10 orc wizards
  2 orc priests
  An iguana (D:9)
  3 centaur skeletons
  10 worker ants
  2 killer bee zombies
  A hound skeleton (D:10)
  13 adders
  A gnoll (shapeshifter) (D:15)
  4 gnolls (D:13)
  A howler monkey skeleton (D:8)
  3 shadow imps
  An ooze (D:3)
  An adder zombie (D:7)
  An adder skeleton (D:5)
  3 worms
  12 dart slugs
  7 leopard geckos
  28 orcs
  2 bats (D:1)
  7 giant cockroaches
  9 goblins
  6 hobgoblins
  8 jackals
  8 kobolds
  2 quokkas
  3 frilled lizards
  A jackal skeleton (D:4)
  A jackal zombie (D:6)
  A leopard gecko skeleton (D:5)
  4 rats
  A bush (D:1)
  2 plants (D:9)
304 creatures vanquished.

Vanquished Creatures (others)
  An unseen horror (D:15)
  5 toadstools (D:1)
6 creatures vanquished.

Grand Total: 310 creatures vanquished

Notes
Turn   | Place    | Note
-------+----------+-------------------------------------------
     0 | D:1      | Matilisk the Minotaur Berserker began the quest for the Orb.
     0 | D:1      | Reached XP level 1. HP: 19/19 MP: 0/0
   315 | D:1      | Reached XP level 2. HP: 27/27 MP: 1/1
   754 | D:2      | Reached XP level 3. HP: 30/33 MP: 2/2
  1042 | D:2      | Reached skill level 1 in Slings
  1343 | D:2      | Reached XP level 4. HP: 40/40 MP: 3/3
  1531 | D:2      | Reached ** piety under Trog
  1593 | D:2      | Found a shimmering altar of Xom.
  1594 | D:2      | Found a hazy altar of Hepliaklqana.
  1594 | D:2      | Noticed a yak
  1595 | D:2      | Noticed a yak
  1595 | D:2      | Noticed a spectral ugly thing
  1786 | D:3      | Noticed VDSlugg's ghost (amateur MiBe)
  1799 | D:3      | Killed VDSlugg's ghost
  1799 | D:3      | Reached skill level 1 in Short Blades
  1799 | D:3      | Reached skill level 1 in Throwing
  1799 | D:3      | Reached XP level 5. HP: 47/47 MP: 4/4
  2685 | D:4      | Noticed Epsil's ghost (amateur DrAK)
  2691 | D:4      | Killed Epsil's ghost
  2691 | D:4      | Reached skill level 1 in Maces & Flails
  2691 | D:4      | Reached XP level 6. HP: 55/55 MP: 5/5
  3095 | D:4      | Noticed Menkaure
  3103 | D:4      | Killed Menkaure
  3103 | D:4      | Reached skill level 5 in Fighting
  3103 | D:4      | Reached skill level 2 in Maces & Flails
  3568 | D:5      | Entered Level 5 of the Dungeon
  3742 | D:5      | Reached XP level 7. HP: 54/61 MP: 6/6
  3761 | D:5      | Reached skill level 3 in Maces & Flails
  3846 | D:5      | Reached *** piety under Trog
  3974 | D:5      | Reached skill level 4 in Maces & Flails
  4241 | D:5      | Found a staircase to the Ecumenical Temple.
  4403 | Temple   | Entered the Ecumenical Temple
  4518 | D:6      | Reached skill level 5 in Maces & Flails
  4759 | D:6      | Reached XP level 8. HP: 70/70 MP: 7/7
  5390 | D:6      | Reached skill level 6 in Maces & Flails
  5390 | D:6      | Reached skill level 5 in Armour
  5578 | D:7      | Reached skill level 1 in Shields
  5750 | D:7      | Reached skill level 7 in Maces & Flails
  6082 | D:7      | Reached **** piety under Trog
  6160 | D:7      | Reached XP level 9. HP: 72/78 MP: 8/8
  6378 | D:8      | Received a gift from Trog
  6573 | D:8      | Found a bloodstained altar of Trog.
  6573 | D:8      | Found a white marble altar of Elyvilon.
  7349 | D:9      | Received a gift from Trog
  7505 | D:9      | Reached skill level 8 in Maces & Flails
  7955 | D:9      | Reached skill level 9 in Maces & Flails
  7967 | D:9      | Reached skill level 5 in Throwing
  7967 | D:9      | Reached XP level 10. HP: 28/88 MP: 9/9
  8223 | D:9      | Noticed a two-headed hydra
  8242 | D:9      | Killed a two-headed hydra
  8242 | D:9      | Reached skill level 10 in Maces & Flails
  8337 | D:10     | Entered Level 10 of the Dungeon
  8383 | D:10     | Reached skill level 1 in Stealth
  8505 | D:10     | Reached ***** piety under Trog
  8769 | D:10     | Noticed Nergalle
  8776 | D:10     | Killed Nergalle
  8787 | D:10     | Found a staircase to the Lair.
  8790 | D:10     | Reached skill level 11 in Maces & Flails
  8928 | D:10     | Reached skill level 5 in Shields
  9138 | D:10     | Noticed Grum
  9156 | D:10     | Killed Grum
  9546 | D:10     | You fall through a shaft for 3 floors!
  9553 | D:13     | Noticed Erolcha
  9563 | D:13     | Killed Erolcha
  9563 | D:13     | Reached XP level 11. HP: 86/97 MP: 10/10
  9680 | D:13     | Noticed a vault guard
  9683 | D:13     | Noticed a red ugly thing
  9691 | D:13     | Killed a vault guard
  9693 | D:13     | Killed a red ugly thing
  9693 | D:13     | Reached skill level 12 in Maces & Flails
  9726 | D:13     | Found a gate to the Vaults.
  9877 | D:13     | Noticed a two-headed ogre
  9886 | D:13     | Killed a two-headed ogre
  9886 | D:13     | Reached skill level 10 in Armour
  9896 | D:13     | Noticed a cyan ugly thing
  9905 | D:13     | Killed a cyan ugly thing
 10236 | D:13     | Noticed a deep elf mage
 10245 | D:13     | Killed a deep elf mage
 10250 | D:13     | Reached skill level 10 in Fighting
 10454 | D:13     | Noticed a deep elf mage
 10457 | D:13     | Killed a deep elf mage
 10813 | D:13     | Reached skill level 13 in Maces & Flails
 10920 | D:14     | Found a white marble altar of Elyvilon.
 11160 | D:14     | Reached XP level 12. HP: 82/107 MP: 11/11
 11279 | D:14     | Noticed a centaur warrior
 11293 | D:14     | Killed a centaur warrior
 11860 | D:15     | Entered Level 15 of the Dungeon
 11916 | D:15     | Noticed a centaur warrior
 11935 | D:15     | Killed a centaur warrior
 11950 | D:15     | Reached skill level 14 in Maces & Flails
 11950 | D:15     | Reached skill level 10 in Shields
 11963 | D:15     | Received a gift from Trog
 12300 | D:15     | Noticed an eight-headed hydra
 12304 | D:15     | Killed an eight-headed hydra
 12357 | D:15     | Identified a scroll of acquirement
 12473 | D:15     | Found a staircase to the Depths.
 12473 | D:15     | Noticed a yaktaur captain
 12475 | D:15     | Noticed a centaur warrior
 12484 | D:15     | Killed a yaktaur captain
 12486 | D:15     | Killed a centaur warrior
 12486 | D:15     | Reached skill level 1 in Spellcasting
 12701 | D:15     | Reached XP level 13. HP: 62/116 MP: 13/13
 12702 | D:15     | Noticed Rupert
 12719 | D:15     | Slain by Rupert

Skill      XL: |  1  2  3  4  5  6  7  8  9 10 11 12 |
---------------+-------------------------------------+-----
Fighting       | 4 5 6 8 9 10 11 | 11.4
Polearms       | 4 |  4.5
Slings         | 1 2 3 |  3.9
Armour         | 3 4 6 7 9 10 11 | 11.6
Short Blades   | 1 |  1.2
Throwing       | 1 2 3 5 |  5.7
Maces & Flails | 1 2 5 7 9 11 13 14 | 14.5
Dodging        | 3 4 |  4.0
Shields        | 2 3 5 8 10 | 10.9
Stealth        | 1 |  1.1
Spellcasting   | 1 |  1.3

Action                   |  1- 3 |  4- 6 |  7- 9 | 10-12 | 13-15 || total
-------------------------+-------+-------+-------+-------+-------++-------
Melee: Spear             |   121 |       |       |       |       ||   121
       Headbutt          |    37 |    16 |    46 |   123 |     7 ||   229
       Dagger            |    52 |    16 |       |       |       ||    68
       Flail             |       |    44 |   288 |   478 |    16 ||   826
 Fire: Hunting sling     |     6 |     8 |       |       |       ||    14
Throw: Javelin           |    17 |    14 |       |       |       ||    31
       Stone             |     5 |     8 |       |     4 |       ||    17
       Tomahawk          |       |       |    48 |    22 |       ||    70
Invok: Berserk           |       |     1 |     3 |    10 |       ||    14
       Burn Spellbooks   |       |       |     1 |       |       ||     1
       Trog's Hand       |       |       |       |     1 |       ||     1
  Use: Potion            |       |     5 |       |       |       ||     5
       Scroll            |       |    11 |     3 |    10 |       ||    24
  Eat: Chunk             |     2 |     2 |     4 |    11 |       ||    19
       Ration            |       |     2 |     6 |     4 |       ||    12
Armor: Animal skin       |     3 |       |       |       |       ||     3
       Robe              |     7 |       |       |       |       ||     7
       Scale mail        |    13 |    27 |    20 |       |       ||    60
       Plate armour      |       |       |    98 |   223 |     1 ||   322
Dodge: Dodged            |    40 |    34 |    72 |   146 |     3 ||   295
       Deflected         |       |       |     9 |     9 |       ||    18
Block: Buckler           |       |     1 |    10 |       |       ||    11
       Shield            |       |       |    59 |   279 |     4 ||   342
